AoeStats
← VL nightsyrc

Arabia

510031050Analyzed
3v3 RM · 1d ago on Sep 29, 2026· 60m 0s· 6 players
Game mode
Random Map
Map size
Normal (6 player)
Population
200
Speed
Normal
Resources
Standard
Victory
Conquest
Starting age
Dark Age
Ending age
Imperial Age
RankedLock teamsTeams togetherTeam positionsShared explorationLock speedFull tech treeHidden civsTurbo modeCheats
Victory
Defeat
🇲🇽 Franks · Mexico
1339
+11
🇲🇽 Britons · Mexico
1102
+21
🇲🇽 Aztecs · Mexico
1038
+23
🇺🇸 Ethiopians · United States
1235
-19
🇺🇸 Magyars · United States
1212
-18
🇺🇸 Sicilians · United States
1209
-18
AlverthXIII
7:03 Loom
9:47 Feudal Age
11:57 Double-Bit Axe
17:28 Fletching
18:43 Horse Collar
20:52 Padded Archer Armor
22:50 Wheelbarrow
27:28 Castle Age
28:17 Bodkin Arrow
27:44 Crossbowman
33:07 Gold Mining
35:07 Leather Archer Armor
36:00 Hand Cart
36:55 Gold Shaft Mining
38:29 Ballistics
43:42 Imperial Age
44:29 Arbalester
45:10 Bracer
48:02 Chemistry
53:45 Ring Archer Armor
55:04 Conscription
56:07 Warwolf
57:24 Siege Engineers
HK | GAGAYA
7:26 Loom
9:49 Feudal Age
10:39 Double-Bit Axe
19:30 Wheelbarrow
22:08 Castle Age
20:56 Forging
21:10 Scale Barding Armor
32:23 Bow Saw
34:21 Chain Barding Armor
44:28 Imperial Age
42:07 Light Cavalry
42:48 Husbandry
44:33 Iron Casting
44:10 Bow Saw
45:38 Conscription
45:31 Chivalry
47:42 Plate Barding Armor
48:11 Blast Furnace
47:24 Cavalier
VL nightsyrc
2:55 Loom
10:11 Feudal Age
21:07 Double-Bit Axe
25:07 Castle Age
23:43 Wheelbarrow
23:13 Horse Collar
23:28 Gold Mining
25:54 Stone Mining
26:17 Bow Saw
28:07 Scale Mail Armor
28:18 Forging
28:46 Heavy Plow
29:06 Chain Mail Armor
31:36 Elite Skirmisher
32:08 Fletching
36:58 Redemption
38:35 Fervor
38:41 Fervor
38:55 Sanctity
40:21 Bodkin Arrow
40:27 Padded Archer Armor
48:36 Hand Cart
48:59 Gold Shaft Mining
51:32 Town Watch
53:22 Eagle Warrior
56:46 Leather Archer Armor
57:07 Iron Casting
Schmoo55
10:13 Feudal Age
11:19 Double-Bit Axe
11:34 Horse Collar
13:40 Loom
27:37 Castle Age
26:04 Gold Mining
27:09 Bloodlines
27:09 Scale Barding Armor
29:44 Husbandry
41:12 Wheelbarrow
44:27 Hand Cart
48:35 Imperial Age
47:56 Corvinian Army
51:51 Elite Magyar Huszar
54:50 Chain Barding Armor
Foardz
7:11 Loom
9:52 Feudal Age
10:41 Double-Bit Axe
12:52 Fletching
26:42 Castle Age
25:07 Gold Mining
25:24 Horse Collar
25:57 Padded Archer Armor
25:55 Stone Mining
26:46 Crossbowman
27:34 Thumb Ring
27:40 Bodkin Arrow
29:27 Leather Archer Armor
43:41 Imperial Age
41:56 Wheelbarrow
41:31 Heavy Plow
43:50 Arbalester
44:32 Bracer
45:02 Ring Archer Armor
44:58 Ballistics
45:38 Chemistry
48:49 Hand Cart
58:47 Husbandry
58:08 Light Cavalry
Killerhawk14
7:34 Loom
9:42 Feudal Age
10:56 Horse Collar
12:33 Double-Bit Axe
24:36 Fletching
26:55 Castle Age
27:13 Padded Archer Armor
26:58 Pikeman
27:15 Elite Skirmisher
30:54 Bodkin Arrow
31:15 Leather Archer Armor
34:22 Bow Saw
37:59 First Crusade
39:56 Ballistics
53:50 Imperial Age
51:37 Forging
54:54 Halberdier
59:21 Iron Casting
58:49 Bracer
Connection lost

Rejoining the realm…

Still unreachable

The connection could not be restored.

Session expired

The server has moved on; the page needs a fresh start.